[Event "8th Gibraltar U16-Junior 2018"]
[Site "Caleta"]
[Date "2018.08.19"]
[Round "4"]
[White "Vyas, Param"]
[Black "Le, Vincent"]
[Result "1-0"]
[ECO "D11"]
[WhiteElo "1372"]
[BlackElo "1017"]
[Annotator "NA"]
[PlyCount "99"]
[EventDate "2018.08.17"]
[EventType "swiss"]
[EventCountry "GGB"]
[SourceTitle "playchess.com"]
[Source "ChessBase"]
[SourceQuality "1"]
[TimeControl "6600+10"]

1. d4 d5 2. Nf3 Nf6 3. c4 c6 4. Nbd2 Bf5 5. g3 e6 6. Bg2 Na6 7. a3 c5 8. O-O Be7 9. b3 Bg6 10. Bb2 O-O 11. Rc1 b6 12. Ne5 Qc7 13. dxc5 Nxc5 14. cxd5 Nxd5 15. Nxg6 fxg6 16. b4 Nd7 17. Rxc7 Nxc7 18. Bxa8 Rxa8 19. Ne4 Nf6 20. Nxf6+ gxf6 21. Qd7 Bd8 22. Rd1 e5 23. Qxd8+ Rxd8 24. Rxd8+ Kg7 25. Rd7+ Kh6 26. Rxc7 a5 27. Rc6 axb4 28. axb4 f5 29. Bxe5 b5 30. Rc5 Kg5 31. h3 h5 32. Bf4+ Kf6 33. Rxb5 g5 34. Bxg5+ Kxg5 35. Rc5 h4 36. gxh4+ Kf4 37. Rxf5+ Kxf5 38. b5 Ke6 39. h5 Kd7 40. h6 Kc7 41. h7 Kb6 42. h8=Q Kxb5 43. Qc3 Ka4 44. Qb2 Ka5 45. f4 Ka4 46. f5 Ka5 47. f6 Ka4 48. f7 Ka5 49. f8=Q Ka6 50. Qfa3# 1-0

[Event "8th Gibraltar U16-Junior 2018"]
[Site "Caleta"]
[Date "2018.08.19"]
[Round "4"]
[White "Shigaeva, Arina"]
[Black "Greco, Joseph"]
[Result "0-1"]
[ECO "D02"]
[WhiteElo "1271"]
[BlackElo "1626"]
[Annotator "NA RC"]
[PlyCount "136"]
[EventDate "2018.08.17"]
[EventType "swiss"]
[EventCountry "GGB"]
[SourceTitle "playchess.com"]
[Source "ChessBase"]
[SourceQuality "1"]
[TimeControl "6600+10"]

1. d4 Nf6 2. Bf4 e6 3. Nf3 c5 4. c3 b6 5. e3 Bb7 6. h3 Be7 7. Bd3 O-O 8. O-O d5 9. Nbd2 Ne4 10. Bc2 Nd7 11. Nxe4 dxe4 12. Nd2 f5 13. f3 exf3 14. Nxf3 Bd5 15. b3 b5 16. Qe1 cxd4 17. exd4 Rc8 18. Rc1 Rf6 19. Bd3 Qb6 20. Ne5 Nxe5 21. Bxe5 Rg6 22. Rc2 Bf6 23. Kh2 Qb7 24. Rff2 Rh6 25. Qe3 Be7 26. Qf4 g5 27. Qd2 Be4 28. Qe2 Bxd3 29. Qxd3 Rh4 30. g3 Re4 31. Qf3 Qd5 32. g4 f4 33. c4 bxc4 34. bxc4 Qa8 35. c5 Qd5 36. Rce2 Rxe2 37. Qxe2 a5 38. Qf3 Qd7 39. Rb2 Bd8 40. Rb7 Bc7 41. Bxc7 Rxc7 42. Rxc7 Qxc7 43. Kg2 Kg7 44. Qc3 Kf7 45. c6 h6 46. Kf3 Ke8 47. Ke4 Kf7 48. Qc4 Kf6 49. Qc3 Kf7 50. Qc4 Ke7 51. Qc5+ Kf7 52. Qc4 Kf6 53. Qb5 Ke7 54. Qc5+ Qd6 55. c7 Qxc5 56. dxc5 Kd7 57. Kf3 Kxc7 58. a4 Kc6 59. Ke4 Kxc5 60. Kf3 Kd4 61. Kf2 Kd3 62. Kf3 e5 63. Kf2 Kd2 64. Kf3 Kd3 65. Kf2 e4 66. Ke1 e3 67. Kd1 f3 68. Ke1 e2 0-1

[Event "8th Gibraltar U16-Junior 2018"]
[Site "Caleta"]
[Date "2018.08.19"]
[Round "4"]
[White "Mahtani, Johan"]
[Black "Seleznev, Egor"]
[Result "0-1"]
[ECO "D00"]
[WhiteElo "1166"]
[BlackElo "1388"]
[Annotator "NA"]
[PlyCount "104"]
[EventDate "2018.08.17"]
[EventType "swiss"]
[EventCountry "GGB"]
[SourceTitle "playchess.com"]
[Source "ChessBase"]
[SourceQuality "1"]
[TimeControl "6600+10"]

1. d4 d5 2. Nc3 Nf6 3. Bf4 c6 4. Nf3 Bf5 5. e3 e6 6. a3 Nbd7 7. Bd3 Ne4 8. Bxe4 dxe4 9. Nd2 Nf6 10. Bg5 h6 11. Bxf6 Qxf6 12. Ndxe4 Qg6 13. Qf3 O-O-O 14. O-O-O Bg4 15. Qg3 Bxd1 16. Rxd1 Qxg3 17. fxg3 Be7 18. Rf1 f5 19. Nd2 Bg5 20. Nc4 b5 21. Ne5 Bxe3+ 22. Kb1 Kc7 23. Nf7 Bxd4 24. Nxh8 Rxh8 25. Ne2 Be5 26. Re1 Re8 27. Nc1 Bd6 28. Ne2 c5 29. Nc3 Kc6 30. b3 a6 31. Ne2 g5 32. b4 e5 33. Rf1 f4 34. c3 Rf8 35. gxf4 exf4 36. Rf3 g4 37. Rf2 cxb4 38. Nd4+ Kd7 39. axb4 h5 40. Kc2 Re8 41. Rd2 Re5 42. Ne2 f3 43. gxf3 gxf3 44. Nd4 Re3 45. Nf5 Re2 46. Nxd6 Rxd2+ 47. Kxd2 Kxd6 48. Ke3 Kd5 49. Kxf3 Kc4 50. Kf4 Kxc3 51. Kg5 Kxb4 52. Kxh5 Kc4 0-1

[Event "8th Gibraltar U16-Junior 2018"]
[Site "Caleta"]
[Date "2018.08.19"]
[Round "5"]
[White "Haase, Pavel"]
[Black "Garrido Outon, Alex"]
[Result "1/2-1/2"]
[ECO "A25"]
[WhiteElo "2177"]
[BlackElo "2119"]
[Annotator "NA"]
[PlyCount "59"]
[EventDate "2018.08.17"]
[EventType "swiss"]
[EventCountry "GGB"]
[SourceTitle "playchess.com"]
[Source "ChessBase"]
[SourceQuality "1"]
[TimeControl "6600+10"]

1. c4 Nf6 2. Nc3 g6 3. g3 Bg7 4. Bg2 O-O 5. d3 d6 6. e3 Nc6 7. Nge2 e5 8. O-O Nh5 9. f4 exf4 10. Nxf4 Nxf4 11. gxf4 $11 Be6 12. Bd2 Qd7 13. a3 Ne7 14. Qf3 c6 15. Rac1 d5 16. cxd5 cxd5 17. d4 Rac8 18. b3 b6 19. Qe2 Rc6 20. Kh1 Rfc8 21. Qb5 Bh3 22. Bxh3 Qxh3 23. Rg1 Bf6 24. Qd3 Qf3+ 25. Rg2 Nf5 26. Qe2 Qxe2 27. Rxe2 Bxd4 28. exd4 Nxd4 29. Ree1 Nxb3 30. Rcd1 1/2-1/2

[Event "8th Gibraltar U16-Junior 2018"]
[Site "Caleta"]
[Date "2018.08.19"]
[Round "5"]
[White "Moreby, James"]
[Black "Cuellar Montes, Alejandro"]
[Result "1-0"]
[ECO "A28"]
[WhiteElo "2084"]
[BlackElo "2074"]
[Annotator "NA"]
[PlyCount "49"]
[EventDate "2018.08.17"]
[EventType "swiss"]
[EventCountry "GGB"]
[SourceTitle "playchess.com"]
[Source "ChessBase"]
[SourceQuality "1"]
[TimeControl "6600+10"]

1. c4 e5 2. Nc3 Nf6 3. Nf3 Nc6 4. e4 Bc5 5. Nxe5 Nxe5 6. d4 Bb4 7. dxe5 Nxe4 8. Qf3 Nxc3 9. bxc3 Ba5 10. Ba3 Qg5 11. Rd1 Qxe5+ 12. Kd2 Qg5+ 13. Kc2 $18 c5 14. Re1+ Kd8 15. h4 Qg6+ 16. Bd3 Qc6 17. Qxc6 dxc6 18. Bxc5 Bd7 19. Re7 Bb6 20. Bd6 Bxf2 21. Rxf7 Bb6 22. c5 Bc7 23. Bxc7+ Kxc7 24. Bf5 Rad8 25. Rd1 1-0

[Event "8th Gibraltar U16-Junior 2018"]
[Site "Caleta"]
[Date "2018.08.19"]
[Round "5"]
[White "Perez Beltran, Salvador"]
[Black "Patel, Devan"]
[Result "1-0"]
[ECO "C69"]
[WhiteElo "2018"]
[BlackElo "1716"]
[Annotator "NA"]
[PlyCount "155"]
[EventDate "2018.08.17"]
[EventType "swiss"]
[EventCountry "GGB"]
[SourceTitle "playchess.com"]
[Source "ChessBase"]
[SourceQuality "1"]
[TimeControl "6600+10"]

1. e4 e5 2. Nf3 Nc6 3. Bb5 a6 4. Bxc6 dxc6 5. O-O f6 6. d4 exd4 7. Nxd4 c5 8. Nb3 Qxd1 9. Rxd1 Bd6 10. Na5 $14 {[%emt 0:27:23] LiveBook: 41 Games} b5 11. c4 Ne7 12. Be3 Be6 13. Nb7 Be5 14. Nc3 Bxc4 15. Nxc5 Kf7 16. f4 Bxc3 17. bxc3 Rhd8 18. a3 a5 19. Nb7 Rd3 20. Rxd3 Bxd3 21. Nc5 Bc4 22. Rd1 b4 23. cxb4 axb4 24. axb4 Ra3 25. Kf2 Ra2+ 26. Rd2 Nc6 27. Rxa2 Bxa2 28. Bd2 Ke7 29. Ke3 Nd8 30. Bc3 Bc4 31. g3 Ne6 32. Nd3 Ba6 33. Ne1 Kf7 34. Nf3 Nd8 35. Nd4 Ne6 36. Nf3 Nd8 37. e5 fxe5 38. Nxe5+ Ke6 39. Nf3 Kf7 40. Ng5+ Kg6 41. h4 h6 42. Nf3 Ne6 43. g4 Kf7 44. f5 Nd8 45. Ne5+ Kf8 46. Nd7+ Kf7 47. Ne5+ Kf8 48. Kf4 Nb7 49. Nc6 Bc4 50. Ne5 Bd5 51. Ng6+ Kf7 52. Ne5+ Kf8 53. Nd7+ Kf7 54. g5 hxg5+ 55. hxg5 Bb3 56. Ne5+ Kf8 57. Ng6+ Kf7 58. Ne5+ Kf8 59. Nc6 Ba4 60. Nd4 Kf7 61. Ne6 g6 62. Nxc7 gxf5 63. Kxf5 Bd7+ 64. Kf4 Nd6 65. Nd5 Nb5 66. Bd2 Nd6 67. Nf6 Bb5 68. Ng4 Ba4 69. Ne5+ Kg7 70. Bc3 Kg8 71. Bd4 Bb3 72. Bc5 Ne8 73. Ng4 Nc7 74. Ke5 Na6 75. Kf6 Bc2 76. g6 Bb3 77. Nh6+ Kh8 78. Bf8 1-0

[Event "8th Gibraltar U16-Junior 2018"]
[Site "Caleta"]
[Date "2018.08.19"]
[Round "5"]
[White "Jayawarna, Nugith"]
[Black "Gough, Theo"]
[Result "1-0"]
[ECO "A25"]
[WhiteElo "2013"]
[BlackElo "1346"]
[Annotator "NA"]
[PlyCount "71"]
[EventDate "2018.08.17"]
[EventType "swiss"]
[EventCountry "GGB"]
[SourceTitle "playchess.com"]
[Source "ChessBase"]
[SourceQuality "1"]
[TimeControl "6600+10"]

1. c4 e5 2. g3 Nc6 3. Bg2 Nf6 4. Nc3 Bb4 5. Nd5 Nxd5 6. cxd5 Ne7 7. e3 O-O 8. a3 Ba5 9. b4 Bb6 10. Ne2 c6 11. Nc3 d6 12. O-O Bf5 13. d3 a5 14. Bb2 axb4 $11 15. axb4 Rxa1 16. Bxa1 Qd7 17. d4 exd4 18. Na4 Ba7 19. Bxd4 Bxd4 20. Qxd4 cxd5 21. Nb6 Qc7 22. Nxd5 Nxd5 23. Qxd5 g6 24. h4 Be6 25. Qd4 b5 26. h5 h6 27. Rd1 Rd8 28. Ra1 Qe7 29. Bc6 Bd7 30. Ra7 gxh5 31. Qb6 Kf8 32. Qb7 Ke8 33. Qxb5 f6 34. Qxh5+ Kf8 35. Qxh6+ Kg8 36. Bd5+ {[%emt 0:00:10] Qe8 [%emt 00:00:44]} 1-0

[Event "8th Gibraltar U16-Junior 2018"]
[Site "Caleta"]
[Date "2018.08.19"]
[Round "5"]
[White "Carroll, Thomas"]
[Black "Krivenko, Dion"]
[Result "1/2-1/2"]
[ECO "D36"]
[WhiteElo "1965"]
[BlackElo "1635"]
[Annotator "NA"]
[PlyCount "81"]
[EventDate "2018.08.17"]
[EventType "swiss"]
[EventCountry "GGB"]
[SourceTitle "playchess.com"]
[Source "ChessBase"]
[SourceQuality "1"]
[TimeControl "6600+10"]

1. d4 d5 2. c4 e6 3. Nc3 Nf6 4. cxd5 exd5 5. Bg5 Be7 6. e3 O-O 7. Bd3 c6 8. Qc2 Nbd7 9. Nge2 Re8 10. O-O Nf8 11. f3 c5 12. Rad1 $14 Be6 13. dxc5 Qa5 14. Bb5 Red8 15. c6 bxc6 16. Bxc6 Rac8 17. Nd4 h6 18. Bxf6 Bxf6 19. Ba4 Bd7 20. Bb3 Ne6 21. Qd2 Nxd4 22. exd4 Be6 23. Qd3 g6 24. Qb5 Qxb5 25. Nxb5 a6 26. Nc3 Kf8 27. Rfe1 Kg7 28. Kf1 h5 29. g3 Kf8 30. Kf2 Kg7 31. Re2 Kf8 32. h4 Kg7 33. Ree1 Kf8 34. Ne2 Ke7 35. Nf4 Kd6 36. Re2 Re8 37. Kg2 Re7 38. Bc2 Bh3+ 39. Kxh3 Rxe2 40. Nxe2 Rxc2 41. Nc3 1/2-1/2

[Event "8th Gibraltar U16-Junior 2018"]
[Site "Caleta"]
[Date "2018.08.19"]
[Round "5"]
[White "Ledesma Claros, Daniel"]
[Black "Diaz Mino, Pablo"]
[Result "1-0"]
[ECO "C58"]
[WhiteElo "1954"]
[BlackElo "2052"]
[Annotator "NA"]
[PlyCount "119"]
[EventDate "2018.08.17"]
[EventType "swiss"]
[EventCountry "GGB"]
[SourceTitle "playchess.com"]
[Source "ChessBase"]
[SourceQuality "1"]
[TimeControl "6600+10"]

1. e4 e5 2. Nf3 Nc6 3. Bc4 Nf6 4. Ng5 d5 5. exd5 Na5 6. Bb5+ c6 7. dxc6 bxc6 8. Bd3 h6 9. Ne4 Nd5 10. Ng3 Nf4 11. O-O Nxd3 12. cxd3 Be7 13. Qh5 $11 O-O 14. Re1 c5 15. Qxe5 Nc6 16. Qe4 Bb7 17. Nc3 Re8 18. b3 Qd7 19. Qf5 Qd8 20. Qe4 Rb8 21. Nf5 Bf8 22. Qxe8 Qxe8 23. Rxe8 Rxe8 24. Ba3 g6 25. Ne3 Ne5 26. Ne4 Rc8 27. Nf6+ Kh8 28. Nc4 Nxc4 29. bxc4 Bg7 30. Rb1 Bxg2 31. Kxg2 Bxf6 32. Rb7 Kg8 33. Rxa7 Rc6 34. Ra8+ Kg7 35. Rb8 Bd4 36. Bb2 Bxb2 37. Rxb2 Kf6 38. a4 Ke5 39. Rb7 f5 40. Rd7 h5 41. h4 Kf4 42. d4 cxd4 43. Rxd4+ Ke5 44. Rd5+ Ke4 45. d3+ Kf4 46. c5 Kg4 47. Rd4+ f4 48. f3+ Kf5 49. Rd5+ Ke6 50. Rd6+ Rxd6 51. cxd6 Kxd6 52. Kf2 Kc5 53. Ke2 Kb4 54. d4 Kxa4 55. Kd3 Kb5 56. Ke4 Kc4 57. d5 Kc5 58. Kxf4 Kxd5 59. Kg5 Ke5 60. Kxg6 1-0

[Event "8th Gibraltar U16-Junior 2018"]
[Site "Caleta"]
[Date "2018.08.19"]
[Round "5"]
[White "Ifalore, Michael"]
[Black "Onslow, Alfie"]
[Result "1/2-1/2"]
[ECO "A39"]
[WhiteElo "1881"]
[BlackElo "2040"]
[Annotator "NA"]
[PlyCount "26"]
[EventDate "2018.08.17"]
[EventType "swiss"]
[EventCountry "GGB"]
[SourceTitle "playchess.com"]
[Source "ChessBase"]
[SourceQuality "1"]
[TimeControl "6600+10"]

1. Nf3 d5 2. g3 c5 3. Bg2 Nf6 4. O-O Nc6 5. d4 cxd4 6. Nxd4 g6 7. c4 Bg7 8. Nc3 O-O 9. Nxc6 bxc6 10. cxd5 cxd5 11. Nxd5 Nxd5 12. Bxd5 Rb8 13. Bb3 Qa5 $14 1/2-1/2

[Event "8th Gibraltar U16-Junior 2018"]
[Site "Caleta"]
[Date "2018.08.19"]
[Round "5"]
[White "Silva, Pedro Gil Ferreira "]
[Black "Guerreiro, Jose Velho"]
[Result "1-0"]
[ECO "B35"]
[WhiteElo "1795"]
[BlackElo "1525"]
[Annotator "NA"]
[PlyCount "49"]
[EventDate "2018.08.17"]
[EventType "swiss"]
[EventCountry "GGB"]
[SourceTitle "playchess.com"]
[Source "ChessBase"]
[SourceQuality "1"]
[TimeControl "6600+10"]

1. e4 c5 2. Nf3 Nc6 3. d4 cxd4 4. Nxd4 g6 5. Nc3 Bg7 6. Be3 Nf6 7. Bc4 Qa5 8. O-O Qb4 9. Bb3 Nxe4 10. Nxe4 Nxd4 11. c3 Ne2+ 12. Qxe2 Qxe4 13. Rfe1 O-O 14. Qd2 Qh4 15. Bg5 Qg4 16. Bxe7 Re8 17. Bd6 Rd8 18. Qd5 Qf5 19. Qxf5 gxf5 20. Bc2 b6 21. Bxf5 Bb7 22. Be7 Rdc8 23. Bxd7 Rc7 24. Bh3 Bc8 25. Bd6 1-0

[Event "8th Gibraltar U16-Junior 2018"]
[Site "Caleta"]
[Date "2018.08.19"]
[Round "5"]
[White "Lovell, William Pm"]
[Black "Howell, Oliver W"]
[Result "1/2-1/2"]
[ECO "A97"]
[WhiteElo "1783"]
[BlackElo "1853"]
[Annotator "NA"]
[PlyCount "52"]
[EventDate "2018.08.17"]
[EventType "swiss"]
[EventCountry "GGB"]
[SourceTitle "playchess.com"]
[Source "ChessBase"]
[SourceQuality "1"]
[TimeControl "6600+10"]

1. c4 e6 2. g3 f5 3. Bg2 Nf6 4. Nf3 Be7 5. Nc3 O-O 6. O-O d6 7. b4 Qe8 8. d4 Qh5 9. Qd3 Nc6 10. b5 Nd8 11. a4 Nf7 12. e4 e5 13. dxe5 dxe5 $11 14. Qe2 Bb4 15. Nd5 Nxd5 16. exd5 e4 17. Nd4 Qxe2 18. Nxe2 Bd7 19. Ba3 Bxa3 20. Rxa3 Ne5 21. Rc1 a6 22. Rcc3 axb5 23. cxb5 c6 24. dxc6 bxc6 25. Nd4 cxb5 26. axb5 Rxa3 1/2-1/2

[Event "8th Gibraltar U16-Junior 2018"]
[Site "Caleta"]
[Date "2018.08.19"]
[Round "5"]
[White "Atara, Omeet J"]
[Black "Vyas, Param"]
[Result "1-0"]
[ECO "A45"]
[WhiteElo "1704"]
[BlackElo "1372"]
[Annotator "NA"]
[PlyCount "95"]
[EventDate "2018.08.17"]
[EventType "swiss"]
[EventCountry "GGB"]
[SourceTitle "playchess.com"]
[Source "ChessBase"]
[SourceQuality "1"]
[TimeControl "6600+10"]

1. d4 d5 2. Bg5 Nf6 3. Bxf6 exf6 4. e3 g6 5. g3 Bg7 6. Bg2 O-O 7. Ne2 c6 8. O-O f5 9. c4 Be6 10. Nf4 dxc4 11. Qc2 Na6 12. Nxe6 fxe6 13. Qxc4 Nc7 14. a4 Qe7 15. Nc3 Kh8 16. Rfd1 Rfd8 17. Qb3 Rab8 18. a5 Na6 19. Bf1 Nc7 20. Bg2 Na6 21. Na4 Rd6 22. Rac1 Rbd8 23. Bf1 e5 24. dxe5 Rxd1 25. Rxd1 Rxd1 26. Qxd1 Bxe5 27. Bxa6 bxa6 28. Qc2 Bd6 29. Qc3+ Be5 30. Qxc6 Kg7 31. Qxa6 Qd7 32. Nc3 Qc7 33. Kg2 Kh6 34. h4 Qd7 35. Qb5 Qc7 36. a6 Bd6 37. Qb7 Qc5 38. Nb5 Be7 39. Nxa7 Bd8 40. Nc8 Bc7 41. a7 f4 42. a8=Q g5 43. Qc6+ Qxc6+ 44. Qxc6+ Kh5 45. Qxc7 h6 46. hxg5 hxg5 47. Qh7+ Kg4 48. Qh3# 1-0

[Event "8th Gibraltar U16-Junior 2018"]
[Site "Caleta"]
[Date "2018.08.19"]
[Round "5"]
[White "Lorente Serrano, Rosa Adela"]
[Black "Tombolis, Christopher"]
[Result "0-1"]
[ECO "C00"]
[WhiteElo "1682"]
[BlackElo "1900"]
[Annotator "NA"]
[PlyCount "72"]
[EventDate "2018.08.17"]
[EventType "swiss"]
[EventCountry "GGB"]
[SourceTitle "playchess.com"]
[Source "ChessBase"]
[SourceQuality "1"]
[TimeControl "6600+10"]

1. Nf3 d5 2. g3 Nf6 3. Bg2 e6 4. O-O Be7 5. d3 c5 6. Nbd2 Nc6 7. e4 Qc7 8. Re1 dxe4 9. dxe4 O-O 10. c3 Rd8 11. Qc2 Ng4 12. Nf1 $11 h5 13. h3 Nge5 14. Nxe5 Nxe5 15. Bf4 g5 16. Bxe5 Qxe5 17. Qe2 Qh8 18. Rad1 Rxd1 19. Rxd1 a6 20. e5 Rb8 21. f4 gxf4 22. gxf4 Qh6 23. Rd3 Bh4 24. Qe4 b5 25. Qc6 Bb7 26. Qc7 Bxg2 27. Qxb8+ Kh7 28. Ng3 Be4 29. Nxe4 Qg6+ 30. Ng5+ Bxg5 31. Rg3 Qb1+ 32. Kh2 Qc2+ 33. Rg2 Bxf4+ 34. Kh1 Qd1+ 35. Rg1 Qf3+ 36. Rg2 Qf1+ 0-1

[Event "8th Gibraltar U16-Junior 2018"]
[Site "Caleta"]
[Date "2018.08.19"]
[Round "5"]
[White "Ye, Kevin"]
[Black "Headlong, Benjamin"]
[Result "1/2-1/2"]
[ECO "C42"]
[WhiteElo "1653"]
[BlackElo "1597"]
[Annotator "NA"]
[PlyCount "40"]
[EventDate "2018.08.17"]
[EventType "swiss"]
[EventCountry "GGB"]
[SourceTitle "playchess.com"]
[Source "ChessBase"]
[SourceQuality "1"]
[TimeControl "6600+10"]

1. e4 e5 2. Nf3 Nf6 3. Nxe5 d6 4. Nf3 Nxe4 5. d4 Bg4 6. Be2 Be7 7. h3 Bxf3 8. Bxf3 d5 9. O-O O-O 10. c4 c6 11. Bf4 Ng5 12. cxd5 Nxf3+ 13. Qxf3 Qxd5 14. Qg3 Bf6 15. Rd1 Nd7 16. Nc3 Qf5 17. Rac1 Qg6 18. Qf3 Nb6 19. Ne4 Nd5 20. Bg3 Be7 1/2-1/2

[Event "8th Gibraltar U16-Junior 2018"]
[Site "Caleta"]
[Date "2018.08.19"]
[Round "5"]
[White "Greco, Joseph"]
[Black "Cox, Toby"]
[Result "1-0"]
[ECO "A85"]
[WhiteElo "1626"]
[BlackElo "1479"]
[Annotator "NA"]
[PlyCount "153"]
[EventDate "2018.08.17"]
[EventType "swiss"]
[EventCountry "GGB"]
[SourceTitle "playchess.com"]
[Source "ChessBase"]
[SourceQuality "1"]
[TimeControl "6600+10"]

1. Nf3 f5 2. d4 Nf6 3. c4 e6 4. Nc3 d6 5. Bg5 Be7 6. e3 O-O 7. Bd3 Qe8 8. Qc2 Nbd7 9. e4 fxe4 10. Nxe4 h6 11. Nxf6+ Nxf6 12. Be3 c6 13. O-O d5 14. Rfe1 Qd8 15. c5 Qc7 16. Ne5 Bd7 17. Bf4 Ne4 18. Bxe4 dxe4 19. Qxe4 Rf5 20. Nxd7 Qxd7 21. Qxe6+ Qxe6 22. Rxe6 Kf7 23. Re4 Bf6 24. f3 Rd8 25. Rd1 Rxc5 26. Rd2 Rcd5 27. Be3 c5 28. b3 cxd4 29. Bf2 a6 30. Kf1 d3 31. Rc4 R8d7 32. Be3 h5 33. f4 Kg6 34. Kf2 R5d6 35. h3 Bd8 36. b4 b5 37. Rc5 Bf6 38. a3 Rd5 39. Rc1 Bh4+ 40. g3 Bf6 41. Bc5 Kf5 42. Kf3 g5 43. g4+ hxg4+ 44. hxg4+ Ke6 45. f5+ Kf7 46. Be3 R5d6 47. Rh1 Bc3 48. Rh7+ Kf6 49. Rxd7 Rxd7 50. Rd1 d2 51. Ke2 Bb2 52. Bxd2 Re7+ 53. Kf3 Rc7 54. Re1 Rc6 55. Re3 Bd4 56. Rd3 Bb2 57. Be3 Be5 58. a4 bxa4 59. Ra3 Rc3 60. Rxa4 Kf7 61. Ke4 Bd6 62. Rxa6 Bxb4 63. Bxg5 Rc4+ 64. Kf3 Rc3+ 65. Be3 Bc5 66. Re6 Be7 67. Kf4 Rc4+ 68. Re4 Rc3 69. g5 Bd6+ 70. Kg4 Rc2 71. g6+ Kg7 72. Bd4+ Kg8 73. Re8+ Bf8 74. f6 Rg2+ 75. Kf5 Rf2+ 76. Bxf2 Kh8 77. Rxf8# 1-0

[Event "8th Gibraltar U16-Junior 2018"]
[Site "Caleta"]
[Date "2018.08.19"]
[Round "5"]
[White "Weersing, Sarah"]
[Black "Chouki, Aali"]
[Result "0-1"]
[ECO "A84"]
[WhiteElo "1608"]
[BlackElo "1413"]
[Annotator "NA"]
[PlyCount "132"]
[EventDate "2018.08.17"]
[EventType "swiss"]
[EventCountry "GGB"]
[SourceTitle "playchess.com"]
[Source "ChessBase"]
[SourceQuality "1"]
[TimeControl "6600+10"]

1. d4 d5 2. Nf3 e6 3. c4 c6 4. Nc3 f5 5. Bf4 Nf6 6. e3 Be7 7. Be2 O-O 8. O-O Ne4 9. Qc2 Nd7 10. Nd2 g5 11. Be5 Nxe5 12. dxe5 Qe8 13. f3 Nxd2 14. Qxd2 h5 15. Kf2 Qg6 16. Ke1 f4 17. exf4 Rxf4 18. Bd3 Qg7 19. Qe3 d4 20. Qe2 dxc3 21. bxc3 Bc5 22. g3 Rf7 23. f4 g4 24. Qc2 Bd7 25. Bg6 Rff8 26. Bxh5 Be8 27. Bxe8 Raxe8 28. Rh1 Rf5 29. Qe2 Rh5 30. Kd2 Rh3 31. Raf1 Qg6 32. Qd3 Qf5 33. Qxf5 exf5 34. Re1 Kf7 35. Kc2 Ke6 36. Rd1 Re7 37. Rd2 Rd7 38. Re2 Rdh7 39. Kd2 Rxg3 40. hxg3 Rxh1 41. Rg2 Rg1 42. Rh2 Rxg3 43. Rh6+ Kd7 44. Rf6 Rf3 45. Rxf5 Be3+ 46. Ke2 Rxf4 47. Rg5 Re4 48. Rg7+ Kc8 49. Kd3 Rxe5 50. Rxg4 Rg5 51. Re4 Bb6 52. Re2 Rg3+ 53. Kc2 Ba5 54. Re4 Rxc3+ 55. Kb2 Rg3 56. Rh4 Bc3+ 57. Kc2 Kc7 58. Re4 Kd6 59. Rh4 c5 60. Rh7 Kc6 61. Rh6+ Kc7 62. Rh7+ Kb6 63. Rh6+ Ka5 64. Rh7 Ka6 65. a4 Bd4 66. Rh6+ b6 0-1

[Event "8th Gibraltar U16-Junior 2018"]
[Site "Caleta"]
[Date "2018.08.19"]
[Round "5"]
[White "Shepherd, Tom"]
[Black "Cortes Villa, Jaime"]
[Result "1-0"]
[ECO "B07"]
[WhiteElo "1531"]
[BlackElo "1700"]
[Annotator "NA"]
[PlyCount "66"]
[EventDate "2018.08.17"]
[EventType "swiss"]
[EventCountry "GGB"]
[SourceTitle "playchess.com"]
[Source "ChessBase"]
[SourceQuality "1"]
[TimeControl "6600+10"]

1. d4 Nf6 2. Nf3 g6 3. g3 Bg7 4. Bg2 O-O 5. O-O d6 6. Re1 Nbd7 7. e4 e5 8. Nc3 c6 9. a4 a5 10. h3 Qc7 11. Bg5 Re8 12. Qd2 exd4 13. Nxd4 Nc5 14. Bh6 Nfd7 15. Bxg7 Kxg7 16. Rad1 Nb6 17. b3 d5 18. exd5 Rxe1+ 19. Rxe1 Nxd5 20. Nxd5 cxd5 21. Nb5 Qd8 22. Qd4+ Qf6 23. Qxc5 Be6 24. Qd4 Rc8 25. Qxf6+ Kxf6 26. Nd4 Rc5 27. h4 h5 28. f4 Rc3 29. Kf2 Rc5 30. Bf1 Rc7 31. Bd3 Rc5 32. Ke3 Bg4 33. Kd2 Rc8 1-0

[Event "8th Gibraltar U16-Junior 2018"]
[Site "Caleta"]
[Date "2018.08.19"]
[Round "5"]
[White "Schulz, Victor"]
[Black "Dharmasena, Gavith"]
[Result "1-0"]
[ECO "C54"]
[WhiteElo "1510"]
[BlackElo "1433"]
[Annotator "NA"]
[PlyCount "61"]
[EventDate "2018.08.17"]
[EventType "swiss"]
[EventCountry "GGB"]
[SourceTitle "playchess.com"]
[Source "ChessBase"]
[SourceQuality "1"]
[TimeControl "6600+10"]

1. e4 e5 2. Nf3 Nc6 3. Bc4 Bc5 4. c3 Nf6 5. d4 exd4 6. cxd4 Bb4+ 7. Nc3 Nxe4 8. O-O Bxc3 9. d5 Bf6 10. Re1 O-O 11. Rxe4 Ne7 12. d6 cxd6 13. Qxd6 Nf5 14. Qd3 d6 15. Qb3 Ne7 16. Bd5 Bf5 17. Re1 Nxd5 18. Qxd5 Qd7 19. Nd4 Rfe8 20. Bf4 Be6 21. Nxe6 Rxe6 22. Rxe6 Qxe6 23. Qxb7 Re8 24. Be3 Bd4 25. Re1 Qxa2 26. Qb5 Qe6 27. Kf1 Qe5 28. Qa4 Re7 29. Bd2 Qf6 30. Qe8+ Rxe8 31. Rxe8# 1-0

[Event "8th Gibraltar U16-Junior 2018"]
[Site "Caleta"]
[Date "2018.08.19"]
[Round "5"]
[White "Cox, Ben"]
[Black "Onslow, Teddy"]
[Result "0-1"]
[ECO "C11"]
[WhiteElo "1466"]
[BlackElo "1669"]
[Annotator "NA"]
[PlyCount "62"]
[EventDate "2018.08.17"]
[EventType "swiss"]
[EventCountry "GGB"]
[SourceTitle "playchess.com"]
[Source "ChessBase"]
[SourceQuality "1"]
[TimeControl "6600+10"]

1. e4 e6 2. d4 d5 3. Nc3 Nf6 4. e5 Nfd7 5. f4 c5 6. Nf3 Nc6 7. Be3 Qc7 8. Qd2 a6 9. Qf2 cxd4 10. Nxd4 Bb4 11. Qd2 O-O 12. Be2 Nxd4 13. Bxd4 f6 14. O-O Bc5 15. Bg4 Re8 16. Rae1 b6 17. Kh1 f5 18. Bxc5 Qxc5 19. Bh5 Rd8 20. g4 Bb7 21. gxf5 d4+ 22. Bf3 dxc3 23. bxc3 Bxf3+ 24. Rxf3 Nxe5 25. Qg2 Nxf3 26. Qxf3 Qd5 27. Qxd5 exd5 28. Re5 Rac8 29. Re3 d4 30. cxd4 Rxd4 31. Re6 Rxc2 0-1

[Event "8th Gibraltar U16-Junior 2018"]
[Site "Caleta"]
[Date "2018.08.19"]
[Round "5"]
[White "Bansal, Saahil"]
[Black "Samworth Calvier, Juju"]
[Result "1/2-1/2"]
[ECO "A96"]
[WhiteElo "1454"]
[BlackElo "1816"]
[Annotator "NA"]
[PlyCount "93"]
[EventDate "2018.08.17"]
[EventType "swiss"]
[EventCountry "GGB"]
[SourceTitle "playchess.com"]
[Source "ChessBase"]
[SourceQuality "1"]
[TimeControl "6600+10"]

1. d4 e6 2. c4 f5 3. g3 Nf6 4. Bg2 Be7 5. Nf3 O-O 6. O-O d6 7. Nc3 a5 8. b3 Ne4 9. Qc2 Nxc3 10. Qxc3 Nd7 11. Bb2 Nf6 12. Nd2 e5 13. dxe5 dxe5 14. Rfd1 Nd7 15. Bd5+ Kh8 16. Nf3 Bf6 17. Qc2 e4 18. Ne5 c6 19. Nf7+ Rxf7 20. Bxf7 Bxb2 21. Qxb2 Qe7 22. Bh5 Nf6 23. Qd2 Be6 24. Qd6 Qxd6 25. Rxd6 Bg8 26. Rxf6 gxf6 27. Rd1 Kg7 28. e3 Kh6 29. Be2 Be6 30. Rd6 Re8 31. Kg2 Kg6 32. h4 h5 33. Kf1 Re7 34. Ke1 Bc8 35. Kd2 Rd7 36. Rxd7 Bxd7 37. c5 Be8 38. Bc4 Bf7 39. Kc3 Bxc4 40. Kxc4 Kf7 41. b4 axb4 42. Kxb4 Ke6 43. Kc4 Ke5 44. a3 Ke6 45. Kd4 Kd7 46. a4 Ke6 47. Kc3 1/2-1/2